 Dungeon Crawl Stone Soup version 0.19-a0-1920-g83281cb (webtiles) character file.

69 Kaname the Digger (level 4, 30/30 HPs)
             Began as a Demonspawn Earth Elementalist on Oct 23, 2016.
             Got out of the dungeon alive.
             The game lasted 00:07:16 (2336 turns).

Kaname the Digger (Demonspawn Earth Elementalist)   Turns: 2336, Time: 00:07:16

Health: 30/30      AC:  2    Str:  8    XL:     4   Next: 2%
Magic:  7/7        EV: 12    Int: 17    God:
Gold:   89         SH:  0    Dex: 14    Spells: 2 memorised, 2 levels left

rFire  . . .     SeeInvis .     v - +1 spear (pierce)
rCold  . . .     Gourm    .     c - +0 robe
rNeg   . . .     Faith    .     (no shield)
rPois  .         Spirit   .     (no helmet)
rElec  .         Reflect  .     (no cloak)
rCorr  .         Harm     .     (no gloves)
MR     .....                    (no boots)
Stlth  +++.......               a - amulet of regeneration
                                (no ring)
                                m - ring of wizardry

@: no status effects
A: nightstalker 1, sanguine armour 1
a: no special abilities


You escaped.
You were not hungry.

You visited 1 branch of the dungeon, and saw 2 of its levels.

You collected 89 gold pieces.

Inventory:

Hand Weapons
 v - a +1 spear of piercing (weapon)
Missiles
 b - 79 stones (quivered)
Armour
 c - a +0 robe (worn)
Jewellery
 a - an amulet of regeneration (around neck)
 m - a ring of wizardry (left hand)
Scrolls
 h - a scroll of identify {unknown}
 i - 2 scrolls of enchant armour {unknown}
 k - 2 scrolls of recharging {unknown}
 l - 2 scrolls of fog {unknown}
 n - a scroll of remove curse {unknown}
 p - a scroll of teleportation {unknown}
 r - 2 scrolls of amnesia
 t - a scroll of random uselessness {unknown}
Potions
 j - a potion of beneficial mutation {unknown}
 o - 2 potions of ambrosia {unknown}
 q - 2 potions of might {unknown}
 s - a potion of degeneration {unknown}
Books
 e - a book of Geomancy

   Spells                             Type                      Level
   a - Sandblast                      Earth                        1
   b - Passwall                       Transmutation/Earth          2
   c - Stone Arrow                    Conjuration/Earth            3
   d - Petrify                        Transmutation/Earth          4
   e - Lee's Rapid Deconstruction     Earth                        5
Comestibles
 d - 2 bread rations
 f - 2 beef jerkies


   Skills:
 - Level 1.7 Dodging
 - Level 1.7 Stealth
 - Level 2.0 Spellcasting
 - Level 0.8 Transmutations
 + Level 4.4 Earth Magic


You had 2 spell levels left.
You knew the following spells:

 Your Spells              Type           Power        Failure   Level  Hunger
a - Passwall              Tmut/Erth      ##........   4%          2    ###....
b - Stone Arrow           Conj/Erth      #.....       10%         3    ###....


Dungeon Overview and Level Annotations

Branches:
Dungeon (2/15)

Altars:


Innate Abilities, Weirdness & Mutations

You are slightly more attuned to the shadows.
When seriously injured, your bleeding wounds create armour. (AC +0)


Message History

Unknown command.
Attack whom?
Press: ? - help, Dir - move target cursor, f - kobold
Aim: a kobold (hasn't noticed you)
You reach to attack!
You barely miss the kobold.
The kobold shouts!
You hit the kobold.
You kill the kobold! (Key replay ran out of keys)
Okay, then.
Unknown command.
There is a large open door, spattered with blood here.
You see here a club.
There is a large open door here.
There is an open door here.
You see here a club.
All of the chunks of flesh in your inventory have rotted away.
There is a staircase leading out of the dungeon here.
Are you sure you want to leave the Dungeon?
This will make you lose the game!
You have escaped!

#..###.......####......# #..#
#.......# #......# #..# #.......#
#......# ...# #.......#
#......### .#.# #.......#
#........#
.#.####.################.#######
.#..# #.# ≈≈ ≈≈≈≈≈≈≈.≈≈≈≈≈≈≈
.#..###.# ≈######♣##)##♣#####
##...##.######≈#@.8#≈♣≈#'#≈♣≈#8..
##............≈#...##8##.##8##...
####..#.#####.≈#...).........'...
# ##.#.# #.≈#...###8#'#8###... #
##...# #.≈#8.8##♣##'##♣##8.8
####....# #.≈##'##♣≈.....≈♣##'#
#.......# #.≈≈#.##♣.......♣##.#
#.##....# #.###.8#.........#8.#
#.##....# #.#≈#.##...≈♣≈...##.#


There were no monsters in sight!

Vanquished Creatures
  2 adders (D:2)
  An ooze (D:1)
  An adder zombie (D:1)
  A giant cockroach (D:1)
  4 goblins
  7 hobgoblins
  3 ball pythons
  4 bats
  6 frilled lizards
  A giant cockroach zombie (D:1)
  7 kobolds
  9 rats
46 creatures vanquished.

Notes
Turn   | Place    | Note
-------+----------+-------------------------------------------
     0 | D:1      | Kaname the Demonspawn Earth Elementalist began the quest for the Orb.
     0 | D:1      | Reached XP level 1. HP: 13/13 MP: 3/3
    24 | D:1      | Reached skill level 3 in Earth Magic
   346 | D:1      | Gained mutation: You are slightly more attuned to the shadows. [demonic ancestry]
   346 | D:1      | Reached XP level 2. HP: 12/19 MP: 1/5
  1107 | D:1      | Reached XP level 3. HP: 24/24 MP: 6/6
  1485 | D:1      | Reached skill level 4 in Earth Magic
  2156 | D:2      | Learned a level 2 spell: Passwall
  2160 | D:2      | Learned a level 3 spell: Stone Arrow
  2254 | D:2      | Gained mutation: When seriously injured, your bleeding wounds create armour. (AC +0) [demonic ancestry]
  2254 | D:2      | Reached XP level 4. HP: 30/30 MP: 7/7
  2336 | D:$      | Got out of the dungeon alive.

Vault maps used:
D:1:      saegor_arrival_fortress

Skill      XL: |  1  2  3 |
---------------+----------+-----
Earth Magic    | 3 4 |  4.4
Dodging        | |  1.7
Stealth        | |  1.7
Spellcasting   | |  2.0
Transmutations | |  0.8

Action                   |  1- 3 |  4- 6 || total
-------------------------+-------+-------++-------
Melee: Unarmed           |    83 |       ||    83
       Dagger            |   130 |       ||   130
       Spear             |     3 |     3 ||     6
 Cast: Sandblast         |    19 |       ||    19
  Use: Scroll            |     1 |       ||     1
 Stab: Sleeping          |    14 |       ||    14
       Distracted        |     1 |       ||     1
  Eat: Chunk             |     5 |       ||     5
Armor: Robe              |    38 |       ||    38
Dodge: Dodged            |   144 |       ||   144
